 Dungeon Crawl Stone Soup version 0.25.0-9-g26727b6 (webtiles) character file.

Game seed: 14988122662072311469

2 HilariousDeathArtist the Sneak (level 1, 0/13 HPs)
             Began as a Vampire Air Elementalist on June 19, 2020.
             Slain by a jackal (3 damage)
             ... on level 1 of the Dungeon.
             The game lasted 00:00:36 (53 turns).

HilariousDeathArtist the Sneak (VpAE)                 Turns: 53, Time: 00:00:36

Health: 0/13       AC:  2    Str:  7    XL:     1   Next: 33%
Magic:  0/3        EV: 12    Int: 17    God:
Gold:   0          SH:  0    Dex: 14    Spells: 3/4 levels left

rFire    . . .     SeeInvis +   (no weapon)
rCold    . . .     Gourm    .   (no shield)
rNeg     . . .     Faith    .   a - +0 robe
rPois    .         Spirit   .   (no helmet)
rElec    .         Reflect  .   (no cloak)
rCorr    .         Harm     .   (no gloves)
MR       .....                  (no boots)
Stlth    ++........             (no amulet)
HPRegen  0.24/turn              (no ring)
MPRegen  0.08/turn              (no ring)

@: regenerating quickly
A: no food, fangs 3, see invisible, unbreathing
a: Exsanguinate


You were on level 1 of the Dungeon.
You were alive.

You visited 1 branch of the dungeon, and saw 1 of its levels.

Inventory:

Armour
 a - a +0 robe (worn)


   Skills:
 - Level 2.1 Dodging
 - Level 3.0 Stealth
 - Level 2.0 Spellcasting
 + Level 1.0 Conjurations
 - Level 3.0 Air Magic


You had 3 spell levels left.
You knew the following spells:

 Your Spells              Type           Power        Failure   Level  Hunger
a - Shock                 Conj/Air       #...         9%          1    N/A

Your spell library contained the following spells:

 Spells                   Type           Power        Failure   Level  Hunger
 Swiftness                Chrm/Air       #.......     16%         2    N/A
 Static Discharge         Conj/Air       #.......     26%         3    N/A
 Airstrike                Air            ##........   50%         4    N/A
 Lightning Bolt           Conj/Air       #.........   93%         5    N/A

Dungeon Overview and Level Annotations

Branches:
Dungeon (1/15)

Altars:


Innate Abilities, Weirdness & Mutations

You do not eat.
Your natural rate of healing is unusually fast.
You have razor-sharp teeth.
You have supernaturally acute eyesight. (SInv)
You can survive without breathing.


Message History

Welcome, HilariousDeathArtist the Vampire Air Elementalist.
Will you be the one to retrieve the legendary Orb of Zot from the depths?
Found a staircase leading out of the dungeon.
You open the large door.
There is a large open door here. 2 jackals come into view.
The jackal barks!
A jackal comes into view.
Aim: a jackal The zap hits the jackal.
The zap misses the jackal.
You now have 2/3 mp.
Aim: a jackal (moderately wounded)
You miscast Shock.
You are very lightly contaminated with residual magic.
Nothing appears to happen.
You now have 1/3 mp.
Aim: a jackal (moderately wounded)
The zap hits the jackal. x3; The jackal barely misses you.
You now have 0/3 mp.
You aren't carrying any scrolls.
You aren't carrying any potions.
Unknown command.
You hit the jackal but do no damage. Your bite misses the jackal.
The jackal bites you but does no damage.
You closely miss the jackal. The jackal misses you.
You barely miss the jackal. Your bite misses the jackal.
The jackal bites you but does no damage.
The jackal barely misses you.
You closely miss the jackal. The jackal closely misses you.
You closely miss the jackal. The jackal barely misses you.
The jackal misses you.
You closely miss the jackal. Your bite misses the jackal.
The jackal bites you but does no damage.
You hit the jackal but do no damage. You bite the jackal, but do no damage.
The jackal bites you.
You take 2 damage, and have 11/13 hp.
You hit the jackal but do no damage. The jackal barely misses you.
The jackal closely misses you.
You completely miss the jackal. The jackal bites you.
You take 2 damage, and have 9/13 hp.
You hit the jackal.
You kill the jackal!
Aim: a jackal
Okay, then.
The jackal bites you but does no damage.
You miscast Shock.
Nothing appears to happen.
You now have 0/3 mp.
The jackal bites you.
You take 1 damage, and have 9/13 hp.
You open the door. The jackal barely misses you. The jackal misses you. x2
The jackal bites you.
There is an open door here.
You take 2 damage, and have 7/13 hp.
As you open the door, it creaks loudly!
A rat comes into view.
The jackal closely misses you. The jackal bites you.
You take 1 damage, and have 7/13 hp.
There is an open door here.
The rat closely misses you.
The jackal bites you but does no damage.
The rat bites you but does no damage. The jackal bites you.
You take 2 damage, and have 6/13 hp.
The zap misses the jackal.
The zap hits the jackal but does no damage.
The zap hits the jackal.
The jackal bites you.
You take 1 damage, and have 5/13 hp.
You now have 0/3 mp.
The jackal barely misses you. The jackal bites you.
You take 1 damage, and have 5/13 hp.
The jackal bites you.
You take 1 damage, and have 5/13 hp.
The jackal bites you.
* * * LOW HITPOINT WARNING * * *
You take 3 damage, and have 3/13 hp.
MASSIVE DAMAGE!!
The jackal misses you.
Your magical contamination has completely faded away.
The zap hits the jackal.
The zap hits the jackal but does no damage.
The zap hits the jackal.
You kill the jackal!
Your Conjurations skill increases to level 1!
The jackal bites you.
* * * LOW HITPOINT WARNING * * *
The jackal closely misses you.
The rat twitches its whiskers.
You take 1 damage, and have 3/13 hp.
You now have 0/3 mp.
Unknown command.
The jackal bites you.
You die...

.######## .....†..#
#########.#. .######.#
#..h@.......
#####..#####.########..
#...#..#...#†#
#...#..#...#r#
#...'h.'.<.#.#
#...#..'...#.#
#...####...#.#
###'######++#.#
#...##..##....#


You could see a jackal.

Vanquished Creatures
  2 jackals (D:1)
2 creatures vanquished.

Notes
Turn   | Place    | Note
-------+----------+-------------------------------------------
     0 | D:1      | HilariousDeathArtist the Vampire Air Elementalist began the
                  | quest for the Orb.
     0 | D:1      | Reached XP level 1. HP: 13/13 MP: 3/3
    46 | D:1      | HP: 3/13 [jackal (3)]
    51 | D:1      | Reached skill level 1 in Conjurations
    51 | D:1      | HP: 3/13 [jackal (1)]
    53 | D:1      | Slain by a jackal

Illustrated notes

Levels and vault maps discovered:
D:1:      dpeg_arrival_houses_and_road, layout_basic

Skill      XL: |  1 |
---------------+----+-----
Conjurations   | 1 |  1.0
Dodging        | |  2.1
Stealth        | |  3.0
Spellcasting   | |  2.0
Air Magic      | |  3.0

Action                   || total
-------------------------++-------
Melee: Unarmed           ||    10
       Bite              ||     1
 Cast: Shock             ||     4
Armor: Robe              ||     6
Dodge: Dodged            ||    16

Levels and vault maps discovered:
D:1:      dpeg_arrival_houses_and_road, layout_basic

Table legend:
 A = Turns spent in this place as a percentage of turns spent in the entire game.
 B = Non-inter-level travel turns spent in this place as a percentage of non-inter-level travel turns spent in the entire game.
 C = Inter-level travel turns spent in this place as a percentage of turns spent in this place.
 D = Turns resting spent in this place as a percentage of non-inter-level travel turns spent in this place.
 E = Turns spent auto-exploring this place as a percentage of non-inter-level travel turns spent in this place.
 F = Non-inter-level travel turns spent in this place divided by the number of levels of this place that you've seen.
                   A       B       C       D       E      F
               +-------+-------+-------+-------+-------+----------------------
         Total | 100.0 | 100.0 |   0.0 |   0.0 |  11.3 |  53.0
       Dungeon | 100.0 | 100.0 |   0.0 |   0.0 |  11.3 |  53.0
               +-------+-------+-------+-------+-------+----------------------

Table legend:
 A = Kills in this place as a percentage of kills in entire the game.
 B = Kills by you in this place as a percentage of kills by you in the entire game.
 C = Kills by friends in this place as a percentage of kills by friends in the entire game.
 D = Other kills in this place as a percentage of other kills in the entire game.
 E = Experience gained in this place as a percentage of experience gained in the entire game.
 F = Experience gained in this place divided by the number of levels of this place that you have seen.
                   A       B       C       D       E      F
               +-------+-------+-------+-------+-------+----------------------
         Total | 100.0 | 100.0 |   N/A |   N/A | 100.0 |   4.0
       Dungeon | 100.0 | 100.0 |   N/A |   N/A | 100.0 |   4.0
               +-------+-------+-------+-------+-------+----------------------
